 Dungeon Crawl Stone Soup version 0.31.0-32-g396128a36d (webtiles) character file.

Game seed: 7082003639708679912

448 smashvw the Magician (level 7, -3/45 HPs)
             Began as a Djinni Air Elementalist on Mar 23, 2024.
             Slain by Menkaure (6 damage)
             ... on level 4 of the Dungeon.
             The game lasted 00:08:12 (2398 turns).

smashvw the Magician (Djinni Air Elementalist)      Turns: 2398, Time: 00:08:13

Health: -3/45      AC:  3    Str:  5 (7)  XL:     7   Next: 24%
Gold:   189        EV: 12    Int: 16 (19) God:
                   SH:  0    Dex: 12 (13)

rFire   + + .        f - +0 scythe
rCold   x . .        (shield currently unavailable)
rNeg    . . .        e - +1 robe
rPois   ∞            (no helmet)
rElec   .            (no cloak)
rCorr   .            (no gloves)
SInv    .            (boots unavailable)
Will    .....        (no amulet)
Stlth   ++           (no ring)
HPRegen 0.27/turn    (no ring)
MPRegen 0.00/turn

%: infuse magic (-4 HP)
@: weak-willed, flying
A: sickness immunity, fire resistance 2, cold vulnerability 1, float, innate
caster, HP casting, extra vitality 1, wild magic 1, sturdy frame 1
a: no special abilities


You were on level 4 of the Dungeon.
You visited 1 branch of the dungeon, and saw 4 of its levels.

You collected 189 gold pieces.

Inventory:

Hand Weapons
 f - a +0 scythe (weapon)
Missiles
 j - a throwing net
Armour
 a - a +0 robe
 e - a +1 robe (worn)
Scrolls
 b - 3 scrolls of identify


   Skills:
 - Level 0.3 Fighting
 - Level 2.6 Dodging
 - Level 2.0 Stealth
 * Level 6.1 Spellcasting
 * Level 6.1 Conjurations
 * Level 6.1 Hexes
 * Level 6.1 Summonings
 * Level 6.1 Necromancy
 * Level 6.1 Translocations
 * Level 6.1 Fire Magic
 * Level 6.1 Ice Magic
 * Level 6.1 Air Magic
 * Level 6.1 Earth Magic
 * Level 6.1 Alchemy


You knew the following spells:

 Your Spells              Type           Power      Damage    Failure   Level
a - Shock                 Conj/Air       100%       1d9       2%          1
b - Static Discharge      Conj/Air       62%        3-6/arc   3%          2
c - Swiftness             Air            31%        N/A       5%          3
d - Airstrike             Air            15%        2d(3-19)  16%         4
e - Sandblast             Erth           62%        2d14      2%          1
f - Lesser Beckoning      Tloc           62%        N/A       3%          2
g - Call Canine Familiar  Summ           31%        N/A       5%          3
Your spell library was empty.

Dungeon Overview and Level Annotations

Branches:
Dungeon (4/15)
 Temple: D:4-7

Altars:
Cheibriados

Shops:
D:2 *

Annotations:
D:4 Edmund, Menkaure


Innate Abilities, Weirdness & Mutations

You are immune to sickness and miasma.
You are immune to poison.
Your flesh is very heat resistant. (rF++)
You are vulnerable to cold. (rC-)
You float through the air rather than walking.
You learn spells naturally, not from books.
Your magical power is your life essence.
You have superior vitality. (+4 MHP)
Your spells are a little harder to cast, but a little more powerful.
Your movements are slightly less encumbered by armour. (ER -2)


Message History

The jackal is severely wounded.
Edmund is struck by an arc of lightning.
Menkaure is struck by an arc of lightning.
Menkaure is lightly damaged.
The lightning grounds out.
The jackal is struck by an arc of lightning.
The jackal is heavily wounded.
You are struck by an arc of lightning.
* * * LOW HITPOINT WARNING * * *
The jackal is struck by an arc of lightning.
You kill the jackal!
Edmund is struck by an arc of lightning.
Edmund is heavily wounded.
The lightning grounds out.
The jackal is struck by an arc of lightning.
The jackal is heavily wounded.
Your inugami is struck by an arc of lightning.
Your inugami is almost dead.
Edmund is struck by an arc of lightning.
Edmund is heavily wounded.
The lightning grounds out.
* * * LOW HITPOINT WARNING * * *
Your inugami disappears in a puff of smoke!
The jackal closely misses you. x2
The jackal bites you but does no damage.
Okay, then.
Okay, then.
Unknown command.
Casting: Static Discharge (safe; 1% risk of failure)
Confirm with . or Enter, or press ? or * to list all spells.
You don't have enough health to cast this spell.
Okay, then.
You feel extremely strange. The horns on your head shrink away.
Your magic regains its normal vibrancy.
You feel less in control of your magic.
You feel your magical essence link to the dungeon's wands.
Your magical essence no longer links to wands of the dungeon.
The jackal closely misses you. Menkaure hits you.
You die...

#.# .......
##.#####......
#..)......#.#
####..§.....#
#.§§§§.§§#
#§§§§§§§#
#§§@§§.§#
#§§hMh.§#
#§§§@...#
#.§§...)#
#.......#
#.......#
#.......#
#(......#
#.......#
#.......#


You could see Edmund (weak-willed), Menkaure (weak-willed) and 2 jackals.

Vanquished Creatures
  Sigmund (D:2)
  A kobold brigand (D:4)
  An orc priest (D:3)
  Natasha (thrice) (D:2)
  An orc wizard (D:3)
  2 adders
  2 dart slugs (D:3)
  A ribbon worm (D:3)
  3 orcs (D:3)
  8 endoplasms
  A giant cockroach (D:3)
  4 goblins
  A hobgoblin (D:3)
  11 jackals
  7 kobolds
  4 quokkas
  4 ball pythons
  4 bats
  A frilled lizard (D:2)
  3 rats
63 creatures vanquished.

Notes
Turn   | Place    | Note
-------+----------+-------------------------------------------
     0 | D:1      | smashvw the Djinni Air Elementalist began the quest for the
                  | Orb.
     0 | D:1      | smashvw set off with the following spells memorised: Shock,
                  | Static Discharge, Swiftness, Airstrike.
     0 | D:1      | Reached XP level 1. HP: 15/15 MP: 0/0
   161 | D:1      | Reached XP level 2. HP: 18/21 MP: 0/0
   323 | D:1      | Reached XP level 3. HP: 25/25 MP: 0/0
   323 | D:1      | Learned a level 1 spell: Sandblast
   346 | D:1      | HP: 1/25 [bounced beam (5)]
   502 | D:1      | Found Cavej's Antique Armour Shop.
   734 | D:1      | Found a faded altar of an unknown god.
   920 | D:2      | Found Ofot's General Store.
   940 | D:2      | Noticed Natasha
   947 | D:2      | Reached XP level 4. HP: 21/31 MP: 0/0
   947 | D:2      | Killed Natasha
  1092 | D:2      | Noticed Sigmund
  1100 | D:2      | Killed Sigmund
  1101 | D:2      | Reached skill level 5 in Spellcasting
  1101 | D:2      | Reached skill level 5 in Conjurations
  1101 | D:2      | Reached skill level 5 in Hexes
  1101 | D:2      | Reached skill level 5 in Summonings
  1101 | D:2      | Reached skill level 5 in Necromancy
  1101 | D:2      | Reached skill level 5 in Translocations
  1101 | D:2      | Reached skill level 5 in Fire Magic
  1101 | D:2      | Reached skill level 5 in Ice Magic
  1101 | D:2      | Reached skill level 5 in Air Magic
  1101 | D:2      | Reached skill level 5 in Earth Magic
  1101 | D:2      | Reached skill level 5 in Alchemy
  1101 | D:2      | Reached XP level 5. HP: 20/35 MP: 0/0
  1101 | D:2      | Learned a level 2 spell: Lesser Beckoning
  1101 | D:2      | Reached XP level 6. HP: 23/40 MP: 0/0
  1336 | D:2      | Noticed Natasha
  1340 | D:2      | Killed Natasha
  1465 | D:2      | Noticed Natasha
  1471 | D:2      | Killed Natasha
  2003 | D:3      | Found a snail-covered altar of Cheibriados.
  2096 | D:3      | Reached XP level 7. HP: 44/45 MP: 0/0
  2096 | D:3      | Learned a level 3 spell: Call Canine Familiar
  2372 | D:4      | Noticed Edmund
  2382 | D:4      | Noticed Menkaure
  2390 | D:4      | Gained mutation: Your spells are a little easier to cast,
                  | but a little less powerful. [potion of mutation]
  2390 | D:4      | Gained mutation: Your movements are slightly less
                  | encumbered by armour. (ER -2) [potion of mutation]
  2390 | D:4      | Gained mutation: You have a pair of small horns on your
                  | head. [potion of mutation]
  2396 | D:4      | HP: 2/45 [/static electricity (2)]
  2397 | D:4      | Lost mutation: You have a pair of small horns on your head.
                  | [potion of mutation]
  2397 | D:4      | Lost mutation: Your spells are a little easier to cast, but
                  | a little less powerful. [potion of mutation]
  2397 | D:4      | Gained mutation: Your spells are a little harder to cast,
                  | but a little more powerful. [potion of mutation]
  2397 | D:4      | Gained mutation: You expend health (3 HP) to strengthen
                  | your wands. [potion of mutation]
  2397 | D:4      | Lost mutation: You expend health (3 HP) to strengthen your
                  | wands. [potion of mutation]
  2398 | D:4      | Slain by Menkaure

Illustrated notes

Levels and vault maps discovered:
D:1:      dpeg_arrival_pond, layout_rooms, serial_shops, shop,
          shapermc_ecumenical_altar_mp_ritualfount, dreamdust_princess_corridor
D:2:      layout_basic, serial_shops, nicolae_shop_back_alley_shop,
          uniq_natasha, uniq_sigmund
D:3:      layout_loops_ring, slow_altar_1
D:4:      old_forge, layout_basic, serial_bayou_pond_e, uniq_edmund,
          uniq_menkaure

Skill      XL: |  1  2  3  4  5  6  7 |
---------------+----------------------+-----
Stealth        | 2 |  2.0
Spellcasting   | 5 6 |  6.1
Conjurations   | 5 6 |  6.1
Hexes          | 5 6 |  6.1
Summonings     | 5 6 |  6.1
Necromancy     | 5 6 |  6.1
Translocations | 5 6 |  6.1
Fire Magic     | 5 6 |  6.1
Ice Magic      | 5 6 |  6.1
Air Magic      | 5 6 |  6.1
Earth Magic    | 5 6 |  6.1
Alchemy        | 5 6 |  6.1
Fighting       | |  0.3
Dodging        | |  2.6

Action                     |  1- 3 |  4- 6 |  7- 9 || total
---------------------------+-------+-------+-------++-------
  Melee: Halberd           |       |     1 |       ||     1
   Cast: Shock             |    67 |    46 |    18 ||   131
         Static Discharge  |       |     2 |     1 ||     3
         Call Canine Famil |       |       |     2 ||     2
    Use: Scroll            |       |       |     4 ||     4
         Potion            |       |       |     3 ||     3
 Armour: Robe              |    10 |     6 |     9 ||    25
  Dodge: Dodged            |     4 |     1 |    19 ||    24
